[Event "Titled Tuesday Blitz May 2 Late 2023"]
[White "Indjic, Aleksandar"]
[Black "Deac, Bogdan-Daniel"]
[WhiteFideId "911925"]
[BlackFideId "1226380"]
[WhiteElo "2614"]
[BlackElo "2649"]
[Result "1-0"]
[Round "04"]
[TimeControl "180+2"]
[Date "2023.05.02"]
[WhiteClock "0:00:07"]
[BlackClock "0:00:01"]

1. e4 e5 2. Nf3 Nf6 3. Nc3 Nc6 4. d4 exd4 5. Nxd4 Bb4 6. Nxc6 bxc6 7. Bd3 O-O 8. O-O d5 9. exd5 Bg4 10. f3 Bh5 11. Bg5 cxd5 12. Bxf6 Qxf6 13. Nxd5 Qxb2 14. Rb1 Bc5+ 15. Kh1 Qe5 16. f4 Bxd1 17. fxe5 Bg4 18. Nxc7 Rac8 19. Nb5 Be6 20. a4 Rfd8 21. Rfd1 g6 22. Be4 Rxd1+ 23. Rxd1 Bb6 24. Bd3 Rc5 25. Re1 Ba5 26. Re2 Bg4 27. Re4 Bf5 28. Re3 Bd2 29. Re2 Bxd3 30. Rxd2 Bxc2 31. h3 Bxa4 32. Nxa7 Rxe5 33. Rd4 Ra5 34. Nc8 Kf8 35. Nb6 Bc6 36. Rc4 Bb7 37. Rc7 Be4 38. Rc4 f5 39. Nd7+ Ke7 40. Nc5 Bd5 41. Rc2 Ra3 42. Kh2 Kd6 43. h4 f4 44. Kg1 h6 45. Kh2 g5 46. hxg5 hxg5 47. Kg1 g4 48. Kh2 Re3 49. Na4 g3+ 50. Kh3 Be4 51. Rd2+ Ke5 52. Nc5 Bf5+ 53. Kh4 Re1 54. Kg5 Re3 55. Nd7+ Bxd7 56. Rxd7 f3 57. gxf3 Rxf3 58. Rd1 g2 59. Re1+ Kd4 60. Rg1 1-0


[Site "https://www.chess.com"]

[Event "Titled Tuesday Blitz May 2 Late 2023"]
[White "Sanal, Vahap"]
[Black "Livaic, Leon"]
[WhiteFideId "6300545"]
[BlackFideId "14531534"]
[WhiteElo "2606"]
[BlackElo "2509"]
[Result "0-1"]
[Round "04"]
[TimeControl "180+2"]
[Date "2023.05.02"]
[WhiteClock "0:00:02"]
[BlackClock "0:00:18"]

1. e4 e6 2. d4 d5 3. exd5 exd5 4. Nf3 Nf6 5. Bd3 Bd6 6. O-O O-O 7. h3 h6 8. Re1 Re8 9. c3 c6 10. Nbd2 Nbd7 11. Nf1 Ne4 12. Qc2 Ndf6 13. Ne5 Qb6 14. Be3 Qc7 15. f3 Ng5 16. f4 Nge4 17. Nd2 Bf5 18. Rad1 Bh7 19. Ndf3 Bf8 20. g4 Nd6 21. Bxh7+ Nxh7 22. Qg2 Ne4 23. f5 Bd6 24. Re2 f6 25. Ng6 Nf8 26. Nxf8 Kxf8 27. Nd2 Nxd2 28. Bxd2 Rxe2 29. Qxe2 Re8 30. Qf3 Qa5 31. a3 Qb5 32. Bc1 Qe2 33. Qxe2 Rxe2 34. Rf1 Rc2 35. a4 a5 36. Re1 b5 37. axb5 cxb5 38. Rf1 a4 39. h4 Be7 40. h5 Ke8 41. Re1 Kd7 42. Rf1 b4 43. cxb4 Bxb4 44. Rd1 Kc6 45. Rf1 Kb5 46. Rd1 Kc4 47. Rf1 Bd2 48. Bxd2 Rxd2 49. Rc1+ Kb4 50. Rc7 Rxb2 51. Rb7+ Kc3 52. Ra7 Rb4 53. Rxg7 a3 54. Ra7 Kb2 55. g5 hxg5 56. h6 a2 57. h7 Rb8 58. h8=Q Rxh8 59. Rb7+ Ka1 60. Kf2 Rh2+ 61. Ke3 Rb2 62. Rh7 Kb1 63. Rh1+ Kc2 64. Rh2+ Kb3 65. Rh1 Rb1 0-1


[Site "https://www.chess.com"]

[Event "Titled Tuesday Blitz May 2 Late 2023"]
[White "Matlakov, Maxim"]
[Black "Perez Ponsa, Federico"]
[WhiteFideId "4168003"]
[BlackFideId "117927"]
[WhiteElo "2666"]
[BlackElo "2590"]
[Result "1-0"]
[Round "04"]
[TimeControl "180+2"]
[Date "2023.05.02"]
[WhiteClock "0:00:14"]
[BlackClock "0:00:27"]

1. e4 c6 2. d4 d5 3. e5 Bf5 4. Nd2 e6 5. Nb3 c5 6. dxc5 Bxc5 7. Bb5+ Nc6 8. Bxc6+ bxc6 9. Nxc5 Qa5+ 10. c3 Qxc5 11. Ne2 Ne7 12. O-O O-O 13. Be3 Qc4 14. b3 Qd3 15. Bc5 Rfe8 16. Nd4 Ng6 17. Qe1 Qa6 18. Qe3 Qd3 19. Rfe1 Qxe3 20. Rxe3 Rec8 21. h3 Nf8 22. b4 Nd7 23. Bd6 Bg6 24. Nb3 Bc2 25. Nc5 Nxc5 26. Bxc5 a5 27. a3 axb4 28. cxb4 Rd8 29. Rc3 Ba4 30. Bd4 Bb5 31. f3 Ra4 32. Kf2 Rda8 33. Bc5 f6 34. Re3 Kf7 35. f4 h5 36. h4 Rd8 37. Kg3 d4 38. Re4 d3 39. Rd4 Rda8 40. Rd7+ Kg6 41. Rd1 Rxa3 42. Re7 Kf5 43. Rxg7 fxe5 44. Rg5+ Kf6 45. fxe5+ Kf7 46. Rf1+ Ke8 47. Rg8+ Kd7 48. Rf7# 1-0


[Site "https://www.chess.com"]

[Event "Titled Tuesday Blitz May 2 Late 2023"]
[White "Grigorov, Grigor"]
[Black "Hakobyan, Aram"]
[WhiteFideId "2907313"]
[BlackFideId "13306677"]
[WhiteElo "2510"]
[BlackElo "2584"]
[Result "0-1"]
[Round "04"]
[TimeControl "180+2"]
[Date "2023.05.02"]
[WhiteClock "0:00:05"]
[BlackClock "0:00:16"]

1. d4 Nf6 2. Nf3 d5 3. c4 e6 4. g3 Be7 5. Bg2 O-O 6. O-O c6 7. Qc2 Nbd7 8. Nbd2 c5 9. cxd5 exd5 10. dxc5 Nxc5 11. Nb3 Nce4 12. Nbd4 Bg4 13. Be3 Rc8 14. Qb3 Nc5 15. Qd1 Bd6 16. Nb5 Bb8 17. Rc1 b6 18. Bd4 Re8 19. Nc3 Nfe4 20. Re1 h6 21. Be3 Nf6 22. Bd4 Nfe4 23. Be3 Nxc3 24. Rxc3 Be6 25. Bd4 Bd6 26. Qc2 Ne4 27. Rxc8 Qxc8 28. Qxc8 Rxc8 29. Rd1 Rc2 30. Bf1 f6 31. Ne1 Rc8 32. Nd3 Kf7 33. Rc1 Rxc1 34. Nxc1 Bc5 35. Nb3 Bd6 36. f3 Nc5 37. Nd2 Bf5 38. Kf2 Ne6 39. Nb3 Bb1 40. e3 Bxa2 41. Nc1 Bc4 42. Bh3 Nxd4 43. exd4 a5 44. b3 Bb5 45. Ke3 Ba3 46. Ne2 g5 47. Nc3 Bc6 48. Bf5 Ke7 49. Kd3 b5 50. g4 Bd6 51. h3 a4 52. bxa4 bxa4 53. Kc2 Bb4 54. Na2 Ba5 55. Bh7 Kd6 56. Bf5 Bb5 57. Bg6 Bc4 58. Nc3 Bxc3 59. Kxc3 a3 60. Bc2 Be2 0-1


[Site "https://www.chess.com"]

[Event "Titled Tuesday Blitz May 2 Late 2023"]
[White "Bortnyk, Mykola"]
[Black "Holt, Conrad"]
[WhiteFideId "14120836"]
[BlackFideId "2034387"]
[WhiteElo "2582"]
[BlackElo "2592"]
[Result "1-0"]
[Round "04"]
[TimeControl "180+2"]
[Date "2023.05.02"]
[WhiteClock "0:00:26"]
[BlackClock "0:00:02"]

1. e4 e6 2. d4 d5 3. Nc3 Nf6 4. e5 Nfd7 5. Nf3 c5 6. dxc5 Bxc5 7. Bd3 Nc6 8. Bf4 f6 9. exf6 Nxf6 10. Qd2 O-O 11. O-O-O Qa5 12. a3 Ng4 13. Bg3 Bd7 14. Kb1 Rac8 15. h3 Nf6 16. Rhe1 a6 17. Ne5 Nxe5 18. Bxe5 Qb6 19. Ka1 Bxf2 20. Re2 Bc5 21. g4 Ne8 22. Qg5 Rf7 23. Qh5 Nf6 24. Bxf6 gxf6 25. g5 Bxa3 26. Rb1 Rxc3 27. bxc3 Qc7 28. Rb3 Be7 29. g6 hxg6 30. Bxg6 Rg7 31. Rg2 Ba4 32. Bf7+ Kf8 33. Qh8+ 1-0


[Site "https://www.chess.com"]

[Event "Titled Tuesday Blitz May 2 Late 2023"]
[White "Sargsyan, Shant"]
[Black "Sieciechowicz, Marcin"]
[WhiteFideId "13306766"]
[BlackFideId "1130170"]
[WhiteElo "2628"]
[BlackElo "2302"]
[Result "0-1"]
[Round "04"]
[TimeControl "180+2"]
[Date "2023.05.02"]
[WhiteClock "0:00:02"]
[BlackClock "0:00:07"]

1. g3 Nf6 2. c4 c6 3. Nf3 d5 4. Bg2 Bf5 5. Qb3 Qb6 6. O-O e6 7. d3 Nbd7 8. Nc3 h6 9. cxd5 Qxb3 10. axb3 exd5 11. e4 dxe4 12. dxe4 Be6 13. Nd4 Bc5 14. Be3 Ng4 15. Nxe6 fxe6 16. Bxc5 Nxc5 17. b4 Nd3 18. b5 O-O 19. bxc6 bxc6 20. Nd1 Rfb8 21. h3 Nf6 22. e5 Nd5 23. Ra3 Nxb2 24. Nxb2 Rxb2 25. Rc1 Rb6 26. f4 a5 27. f5 Kf7 28. Ra4 Rb4 29. fxe6+ Ke7 30. Raa1 Rb6 31. Bxd5 cxd5 32. Rc7+ Kxe6 33. Rxg7 Kxe5 34. Re1+ Kd4 35. Rg4+ Kd3 36. Rd1+ Ke3 37. Rgd4 a4 38. Rxd5 Ke4 39. R1d4+ Ke3 40. Rd3+ Ke4 41. R3d4+ Ke3 42. g4 a3 43. Rd3+ Ke4 44. R5d4+ Ke5 45. Rd5+ Ke6 46. Rh5 a2 47. Rxh6+ Ke5 48. Rxb6 a1=Q+ 49. Kg2 Ra2+ 50. Kg3 Qg1+ 51. Kh4 Qxb6 52. Rf3 Ke4 53. Rf5 Qd8+ 54. Kh5 Ra5 55. Rxa5 Qxa5+ 56. Kg6 Kf4 0-1


[Site "https://www.chess.com"]

[Event "Titled Tuesday Blitz May 2 Late 2023"]
[White "Kovalenko, Igor"]
[Black "Ibarra Jerez, Jose Carlos"]
[WhiteFideId "14117908"]
[BlackFideId "2226332"]
[WhiteElo "2574"]
[BlackElo "2638"]
[Result "1-0"]
[Round "04"]
[TimeControl "180+2"]
[Date "2023.05.02"]
[WhiteClock "0:00:29"]
[BlackClock "0:00:01"]

1. d4 Nf6 2. Nf3 g6 3. g3 Bg7 4. Bg2 d6 5. O-O O-O 6. Re1 Nbd7 7. e4 e5 8. Nc3 b6 9. h3 Bb7 10. Kh2 exd4 11. Nxd4 Re8 12. a4 Nc5 13. f3 a5 14. g4 Nfd7 15. Ndb5 Be5+ 16. f4 Bg7 17. g5 f6 18. h4 fxg5 19. hxg5 h6 20. Nd5 Rc8 21. Ra3 hxg5 22. fxg5 Ne5 23. Nd4 c6 24. Nf6+ Bxf6 25. gxf6 Qxf6 26. Rf1 Qg7 27. Rg3 Rf8 28. Nf5 Qh7+ 29. Kg1 Rcd8 30. Rh3 Qd7 31. Rg3 Qh7 32. Qd4 Ba6 33. Rf2 Rf7 34. Nh6+ Kf8 35. Nxf7 Nxf7 36. Qf6 Rd7 37. Rxg6 Re7 38. Rh6 Qg8 39. Rh8 1-0


[Site "https://www.chess.com"]

[Event "Titled Tuesday Blitz May 2 Late 2023"]
[White "Henriquez Villagra, Cristobal"]
[Black "Prohaszka, Peter"]
[WhiteFideId "3409350"]
[BlackFideId "726265"]
[WhiteElo "2542"]
[BlackElo "2626"]
[Result "1-0"]
[Round "04"]
[TimeControl "180+2"]
[Date "2023.05.02"]
[WhiteClock "0:00:17"]
[BlackClock "0:00:04"]

1. e4 c6 2. Nf3 d5 3. exd5 cxd5 4. Ne5 Nf6 5. Bb5+ Nbd7 6. d4 g6 7. O-O Bg7 8. Re1 O-O 9. c3 Nxe5 10. dxe5 Ng4 11. Qd4 f6 12. e6 f5 13. Qb4 Qb6 14. Re2 a5 15. Qa4 Bxe6 16. h3 Nf6 17. Be3 Qd8 18. Na3 Bf7 19. Bd4 b6 20. Rae1 e6 21. f3 Rc8 22. Rxe6 Bxe6 23. Rxe6 Nh5 24. Bxb6 Qg5 25. Be3 f4 26. Bf2 Ng3 27. Qd1 Rcd8 28. Nc2 Nf5 29. Ba4 h5 30. Bb3 Kh7 31. Qd3 Rd6 32. Rxd6 Nxd6 33. Qxd5 Nf5 34. Nd4 Rd8 35. Ne6 Rxd5 36. Nxg5+ Kh6 37. Nf7+ Kh7 38. Bxd5 1-0


[Site "https://www.chess.com"]

[Event "Titled Tuesday Blitz May 2 Late 2023"]
[White "Sai Krishna G V"]
[Black "Madaminov, Mukhiddin"]
[WhiteFideId "5028280"]
[BlackFideId "14210703"]
[WhiteElo "2359"]
[BlackElo "2511"]
[Result "1-0"]
[Round "04"]
[TimeControl "180+2"]
[Date "2023.05.02"]
[WhiteClock "0:00:10"]
[BlackClock "0:00:05"]

1. e4 c5 2. Nf3 Nc6 3. Nc3 Nf6 4. Bb5 Qc7 5. O-O e6 6. Re1 a6 7. Bxc6 Qxc6 8. d4 cxd4 9. Nxd4 Qc4 10. e5 Nd5 11. Ne4 b5 12. b3 Qc7 13. Nf5 Qxe5 14. Ned6+ Bxd6 15. Rxe5 Bxe5 16. Nd4 Nc3 17. Qf3 Nd5 18. Bb2 O-O 19. Re1 d6 20. c4 bxc4 21. bxc4 Rb8 22. Ba1 Ne7 23. Nc6 Nxc6 24. Qxc6 Bb7 25. Qa4 Bxa1 26. Rxa1 d5 27. c5 Rfc8 28. Rc1 h6 29. h4 Bc6 30. Qxa6 Ra8 31. Qe2 Ra4 32. h5 d4 33. Rd1 Bd5 34. Qb5 Rc4 35. c6 R8xc6 36. Qb8+ Kh7 37. Qe5 f6 38. Qf4 d3 39. Qg3 Be4 40. f3 Bf5 41. Qf2 Rc2 42. Qe3 Re2 43. Qf4 Rcc2 44. g4 Rg2+ 45. Kh1 Kg8 46. gxf5 e5 47. Qh4 Rge2 48. Rg1 Rxa2 49. Qg3 g5 50. fxg6 Kg7 51. Qh3 f5 52. Qh4 Kg8 53. Qd8+ Kg7 54. Qe7+ Kg8 55. Qf7+ Kh8 56. Qh7# 1-0


[Site "https://www.chess.com"]

[Event "Titled Tuesday Blitz May 2 Late 2023"]
[White "Kramnik, Vladimir"]
[Black "Mustafayev, Farid"]
[WhiteFideId "4101588"]
[BlackFideId "13408771"]
[WhiteElo "2712"]
[BlackElo "2237"]
[Result "1-0"]
[Round "04"]
[TimeControl "180+2"]
[Date "2023.05.02"]
[WhiteClock "0:00:22"]
[BlackClock "0:00:09"]

1. e4 c5 2. Nf3 a6 3. c4 e6 4. d4 cxd4 5. Nxd4 Nf6 6. Nc3 Qc7 7. Be2 Bc5 8. Be3 d6 9. O-O Nbd7 10. Rc1 O-O 11. Qd2 b6 12. a3 Bb7 13. f3 Rac8 14. b4 Bxd4 15. Bxd4 Rfd8 16. Rfd1 Qb8 17. Bf1 Ne5 18. Bxb6 Rd7 19. Bd4 Nxc4 20. Bxc4 Rxc4 21. Bxf6 gxf6 22. Ne2 Qa7+ 23. Kh1 Rxc1 24. Qxc1 Qf2 25. Nf4 Qh4 26. g3 Qg5 27. Kg2 f5 28. h4 Qf6 29. Nh5 Qg6 30. Qg5 Kf8 31. exf5 exf5 32. Nf4 Qxg5 33. hxg5 Rc7 34. Kf2 Rc2+ 35. Ke3 Ra2 36. Rd3 Kg7 37. Ne2 Bc8 38. Rc3 Bd7 39. Nd4 Kg6 40. Kf4 Bb5 41. Nxb5 axb5 42. Rd3 Kg7 43. Kxf5 Rf2 44. f4 Ra2 45. g4 Re2 46. Rxd6 Re3 47. Rd5 Rxa3 48. Rxb5 Re3 49. Re5 Rb3 50. b5 Rb4 51. Rc5 Rb1 52. Ke5 1-0


[Site "https://www.chess.com"]

[Event "Titled Tuesday Blitz May 2 Late 2023"]
[White "Flores, Diego"]
[Black "Nakamura, Hikaru"]
[WhiteFideId "108049"]
[BlackFideId "2016192"]
[WhiteElo "2613"]
[BlackElo "2885"]
[Result "0-1"]
[Round "04"]
[TimeControl "180+2"]
[Date "2023.05.02"]
[WhiteClock "0:00:01"]
[BlackClock "0:00:36"]

1. c4 Nf6 2. Nc3 e5 3. Nf3 Nc6 4. e3 Bb4 5. Nd5 Bd6 6. a3 e4 7. Ng1 O-O 8. Qc2 Re8 9. Ne2 b5 10. Ng3 bxc4 11. Bxc4 Bb7 12. O-O Ne5 13. Nxf6+ Qxf6 14. b3 Qg5 15. Bb2 h5 16. f4 exf3 17. Qf5 Qxf5 18. Nxf5 fxg2 19. Rf2 Nxc4 20. bxc4 Bf8 21. Re1 Rab8 22. Bc3 f6 23. d3 Bxa3 24. e4 Bc5 0-1


[Site "https://www.chess.com"]

[Event "Titled Tuesday Blitz May 2 Late 2023"]
[White "Makridis, Dimitrios"]
[Black "Caruana, Fabiano"]
[WhiteFideId "25864475"]
[BlackFideId "2020009"]
[WhiteElo "2277"]
[BlackElo "2837"]
[Result "0-1"]
[Round "04"]
[TimeControl "180+2"]
[Date "2023.05.02"]
[WhiteClock "0:00:06"]
[BlackClock "0:00:10"]

1. e4 c5 2. Nf3 e6 3. d3 Nc6 4. g3 Nf6 5. Bg2 Be7 6. O-O O-O 7. Qe2 e5 8. c3 Re8 9. Rd1 Bf8 10. d4 exd4 11. cxd4 Nxe4 12. Be3 d5 13. dxc5 Bxc5 14. Bxc5 Nxc5 15. Qd2 Bg4 16. Qxd5 Nb4 17. Qxd8 Raxd8 18. Nc3 Nbd3 19. b3 a6 20. h3 Bh5 21. g4 Bg6 22. Rd2 Nf4 23. Bf1 Rxd2 24. Nxd2 Rd8 25. Nc4 b5 26. Ne5 f6 27. Nxg6 hxg6 28. Rc1 Nce6 29. a4 b4 30. Ne4 Nd4 31. Kh2 a5 32. Rc7 Kh8 33. Bc4 g5 34. Kg3 Nde2+ 35. Kh2 Nd4 36. Kg3 Nxb3 37. h4 Nd2 38. Nxd2 Rxd2 39. hxg5 fxg5 40. Rc8+ Kh7 41. Bg8+ Kh6 42. Rc6+ g6 43. Rc7 Rd3+ 44. f3 Nh5+ 45. Kf2 Nf6 46. Be6 Rd6 47. Bb3 Rd3 48. Bc4 Rc3 49. Rc6 Kg7 50. Rc7+ Kh6 51. Rc6 Ne8 52. Ke2 b3 53. Bd5 Rxc6 54. Bxc6 b2 55. Be4 Nd6 56. Bd3 Nc4 57. Kd1 Na3 58. Kd2 Kg7 59. Bb1 Nxb1+ 60. Kc2 Nc3 61. Kxb2 Nxa4+ 62. Kb3 Nc5+ 63. Kc4 Ne6 0-1


[Site "https://www.chess.com"]

[Event "Titled Tuesday Blitz May 2 Late 2023"]
[White "Samsonkin, Artiom"]
[Black "Fedoseev, Vladimir"]
[WhiteFideId "13503111"]
[BlackFideId "24130737"]
[WhiteElo "2524"]
[BlackElo "2752"]
[Result "0-1"]
[Round "04"]
[TimeControl "180+2"]
[Date "2023.05.02"]
[WhiteClock "0:00:01"]
[BlackClock "0:00:56"]

1. e4 c5 2. Nf3 e6 3. Nc3 a6 4. d4 cxd4 5. Nxd4 Qc7 6. Bd3 g6 7. f4 d6 8. Qe2 Bg7 9. Be3 Ne7 10. O-O-O Nbc6 11. Qf2 O-O 12. f5 Nxd4 13. Bxd4 Bxd4 14. Qxd4 exf5 15. exf5 Bxf5 16. Rhe1 Bxd3 17. Rxd3 Rae8 18. Qxd6 Qxd6 19. Rxd6 Nf5 20. Rxe8 Rxe8 21. Rd7 Re1+ 22. Rd1 Re6 23. g4 Ne3 24. Rd4 b5 25. a4 bxa4 26. Nxa4 g5 27. Nc5 Rh6 28. Re4 Nf1 29. b4 Nxh2 30. c4 f5 31. gxf5 g4 32. Re2 Nf3 33. Ne6 Rh1+ 34. Kb2 g3 35. c5 Rh2 36. Nf4 Nd4 37. Rg2 h5 38. Kc3 Nxf5 39. c6 h4 40. c7 Nd6 41. Kd4 Nb5+ 42. Ke4 Nxc7 43. Kf3 Rh1 44. Ng6 Nd5 0-1


[Site "https://www.chess.com"]

[Event "Titled Tuesday Blitz May 2 Late 2023"]
[White "Paravyan, David"]
[Black "Yanchenko, Roman"]
[WhiteFideId "4194985"]
[BlackFideId "4137329"]
[WhiteElo "2563"]
[BlackElo "2491"]
[Result "1-0"]
[Round "04"]
[TimeControl "180+2"]
[Date "2023.05.02"]
[WhiteClock "0:00:31"]
[BlackClock "0:00:21"]

1. e4 e6 2. d4 d5 3. Nd2 c5 4. Ngf3 Nc6 5. exd5 exd5 6. Bb5 c4 7. Ne5 Ne7 8. b3 cxb3 9. axb3 Be6 10. O-O a6 11. Bxc6+ Nxc6 12. Nxc6 bxc6 13. Nf3 Be7 14. Ba3 O-O 15. Bxe7 Qxe7 16. Qd2 c5 17. dxc5 Qxc5 18. Ra5 Qc7 19. Rfa1 Rfc8 20. Nd4 Qb6 21. h3 h6 22. Qd3 Qb4 23. R5a4 Qc5 24. Rxa6 Rxa6 25. Rxa6 Qc7 26. Rc6 Qd7 27. Rxc8+ Qxc8 28. b4 Bd7 29. c3 Qa8 30. Qe3 Qa4 31. Kh2 Qa2 32. Kg3 Qb1 33. Kh2 Qb2 34. f3 Qa1 35. Qd2 Qb1 36. Ne2 Qf5 37. Qe3 Qc2 38. Nd4 Qb1 39. Qe7 Ba4 40. Qd8+ Kh7 41. Qxd5 Qc1 42. Qe4+ Kg8 43. Qa8+ Kh7 44. Qxa4 Qf4+ 45. Kg1 Qe3+ 46. Kf1 Qc1+ 47. Kf2 Qxc3 48. Qc2+ 1-0


[Site "https://www.chess.com"]

[Event "Titled Tuesday Blitz May 2 Late 2023"]
[White "Bortnyk, Olexandr"]
[Black "Gritsenko, Nikolai"]
[WhiteFideId "14120828"]
[BlackFideId "14112493"]
[WhiteElo "2734"]
[BlackElo "2389"]
[Result "1-0"]
[Round "04"]
[TimeControl "180+2"]
[Date "2023.05.02"]
[WhiteClock "0:00:25"]
[BlackClock "0:00:14"]

1. d4 g6 2. Nc3 Bg7 3. e4 d6 4. Be3 c6 5. Qd2 Nd7 6. f4 b5 7. Nf3 a6 8. Bd3 Bb7 9. e5 Nh6 10. O-O Qc7 11. a4 Ng4 12. axb5 cxb5 13. h3 Nxe3 14. Qxe3 e6 15. Bxb5 O-O 16. Bxd7 Qxd7 17. Ne4 Rfc8 18. c3 Bxe4 19. Qxe4 a5 20. exd6 Qxd6 21. Ra2 Bf8 22. Rfa1 Rab8 23. Ne5 a4 24. Rxa4 Rxb2 25. Nc4 Rxc4 26. Rxc4 Qb6 27. Rc8 Kg7 28. Qe5+ 1-0


[Site "https://www.chess.com"]

[Event "Titled Tuesday Blitz May 2 Late 2023"]
[White "Khripachenko, Alexander"]
[Black "Maghsoodloo, Parham"]
[WhiteFideId "54184975"]
[BlackFideId "12539929"]
[WhiteElo "2374"]
[BlackElo "2647"]
[Result "0-1"]
[Round "04"]
[TimeControl "180+2"]
[Date "2023.05.02"]
[WhiteClock "0:00:01"]
[BlackClock "0:00:07"]

1. e4 c5 2. Nf3 Nc6 3. d4 cxd4 4. Nxd4 e5 5. Nb5 d6 6. a4 Be6 7. N1c3 a6 8. Na3 Rb8 9. Bc4 Nf6 10. Bg5 Be7 11. Bxf6 Bxf6 12. Nd5 O-O 13. c3 Bg5 14. O-O Kh8 15. Qe2 Ne7 16. Rad1 Rc8 17. Rd3 Ng6 18. g3 f5 19. Nb6 fxe4 20. Rdd1 Rxc4 21. Naxc4 d5 22. a5 Nf4 23. gxf4 Bxf4 24. f3 Rf6 25. Nxd5 Rg6+ 26. Kh1 Bxh2 27. Qxh2 Rh6 28. Nde3 Rxh2+ 29. Kxh2 Qh4+ 30. Kg2 Bh3+ 31. Kg1 Bxf1 32. Kxf1 exf3 33. Nxe5 Kg8 0-1


[Site "https://www.chess.com"]

[Event "Titled Tuesday Blitz May 2 Late 2023"]
[White "Terry, Renato"]
[Black "Mihajlov, Sebastian"]
[WhiteFideId "3803457"]
[BlackFideId "1512110"]
[WhiteElo "2575"]
[BlackElo "2478"]
[Result "1-0"]
[Round "04"]
[TimeControl "180+2"]
[Date "2023.05.02"]
[WhiteClock "0:00:35"]
[BlackClock "0:00:14"]

1. b3 d5 2. Bb2 Bg4 3. f3 Bh5 4. e4 dxe4 5. Qe2 Nc6 6. Qb5 e5 7. Qxb7 Nge7 8. Bb5 Kd7 9. fxe4 f6 10. Qa6 Qb8 11. Nc3 Qb6 12. Na4 Qxa6 13. Nc5+ Kd8 14. Nxa6 Nd4 15. Bxd4 exd4 16. Ne2 Bxe2 17. Kxe2 Ng6 18. Bc6 Rc8 19. Bb7 c5 20. Rab1 Bd6 21. b4 c4 22. Bxc8 Kxc8 23. g3 Re8 24. Kf3 Ne5+ 25. Kg2 Kb7 26. Nc5+ Bxc5 27. bxc5+ Kc6 28. Rb4 Kxc5 29. Rhb1 Nc6 30. Rb5+ Kd6 31. Rd5+ Kc7 32. d3 a6 33. Rc5 c3 34. Rb4 Re5 35. Rbc4 Rxc5 36. Rxc5 Kd6 37. Rd5+ Ke6 38. a3 g6 39. g4 Ne5 40. Kg3 Nc6 41. h4 h6 42. g5 hxg5 43. hxg5 fxg5 44. Kg4 Ne5+ 45. Kxg5 Nxd3 46. cxd3 1-0


[Site "https://www.chess.com"]

[Event "Titled Tuesday Blitz May 2 Late 2023"]
[White "Chigaev, Maksim"]
[Black "Skvortsov, Andrei"]
[WhiteFideId "4108116"]
[BlackFideId "24108600"]
[WhiteElo "2547"]
[BlackElo "2259"]
[Result "1-0"]
[Round "04"]
[TimeControl "180+2"]
[Date "2023.05.02"]
[WhiteClock "0:00:28"]
[BlackClock "0:00:04"]

1. d4 d5 2. Nf3 e6 3. c4 g6 4. g3 Bg7 5. Bg2 Ne7 6. O-O O-O 7. Qc2 Nbc6 8. Rd1 a5 9. b3 Nf5 10. Bb2 Nb4 11. Qc1 h5 12. h4 Re8 13. Nc3 c6 14. e4 dxe4 15. Nxe4 f6 16. a3 Na6 17. b4 axb4 18. axb4 Bd7 19. Bc3 Qe7 20. Qb2 Rf8 21. b5 cxb5 22. cxb5 Nc7 23. Bb4 Rxa1 24. Rxa1 Qf7 25. Bxf8 Bxf8 26. Ra7 Bc8 27. Nc5 Nd5 28. Nd2 Bd6 29. Nde4 Bc7 30. Nc3 Nb6 31. Nxb7 Bb8 32. Ra6 Qc7 33. Na5 Bxa6 34. bxa6 Nxd4 35. Nb5 Nxb5 36. Qxb5 Kg7 37. Nc6 Ba7 38. Nxa7 Qxa7 39. Bb7 Kf7 40. Qc5 Kg7 41. Qe7+ Kh6 42. Qxf6 Kh7 43. Qf7+ Kh6 44. Qg8 1-0


[Site "https://www.chess.com"]

[Event "Titled Tuesday Blitz May 2 Late 2023"]
[White "Hansen, Eric"]
[Black "Korchmar, Vasiliy"]
[WhiteFideId "2606771"]
[BlackFideId "24131750"]
[WhiteElo "2561"]
[BlackElo "2370"]
[Result "1-0"]
[Round "04"]
[TimeControl "180+2"]
[Date "2023.05.02"]
[WhiteClock "0:01:16"]
[BlackClock "0:00:05"]

1. g3 d5 2. Bg2 g6 3. e3 Bg7 4. Ne2 e5 5. b3 Ne7 6. Bb2 O-O 7. d3 h6 8. Nd2 c6 9. h3 Be6 10. a3 a5 11. O-O g5 12. b4 Ng6 13. Nb3 axb4 14. axb4 Rxa1 15. Qxa1 Nd7 16. Qa7 Qc8 17. Kh2 f5 18. f4 exf4 19. Bxg7 fxg3+ 20. Nxg3 Kxg7 21. Nh5+ Kh7 22. Nd4 Nde5 23. Nxe6 Qxe6 24. Qxb7+ Rf7 25. Qb8 f4 26. exf4 gxf4 27. d4 f3 28. dxe5 fxg2 29. Nf6+ Rxf6 30. Rxf6 Qxe5+ 31. Qxe5 Nxe5 32. Kxg2 1-0


[Site "https://www.chess.com"]

[Event "Titled Tuesday Blitz May 2 Late 2023"]
[White "Aldokhin, Ivan"]
[Black "Grigoriants, Sergey"]
[WhiteFideId "24115720"]
[BlackFideId "4130804"]
[WhiteElo "2322"]
[BlackElo "2502"]
[Result "1-0"]
[Round "04"]
[TimeControl "180+2"]
[Date "2023.05.02"]
[WhiteClock "0:00:05"]
[BlackClock "0:00:01"]

1. e4 c5 2. Nf3 Nc6 3. d4 cxd4 4. Nxd4 e6 5. Nc3 a6 6. Nxc6 bxc6 7. Bd3 d5 8. Qe2 Nf6 9. Bf4 Be7 10. O-O O-O 11. Rad1 a5 12. Rfe1 a4 13. a3 Qb6 14. Be5 Nd7 15. exd5 Nxe5 16. Qxe5 Bf6 17. Qe4 g6 18. dxe6 Bxe6 19. Nxa4 Qa5 20. b3 Rfe8 21. Qxc6 Kg7 22. Qc5 Qxc5 23. Nxc5 Rxa3 24. Nxe6+ Rxe6 25. Rxe6 fxe6 26. g3 Kf7 27. Re1 Ra1 28. Kf1 Ke7 29. Rxa1 Bxa1 30. Ke2 Kd6 31. Be4 Kc5 32. Kd3 Kb4 33. h4 e5 34. f3 Bc3 35. g4 Be1 36. h5 gxh5 37. gxh5 h6 38. Bh7 Bc3 39. Ke4 Kc5 40. Kd3 Kb4 41. Bg6 Bb2 42. Ke4 Kc5 43. Bf7 Bc3 44. Bc4 Bb2 45. Bd3 Bc3 46. Kf5 Kd6 47. Kg6 Bd2 48. b4 Kd5 49. b5 Kc5 50. Kf6 Bf4 51. Kf5 Kb6 52. Be2 Kc5 53. Ke6 Bg3 54. Bd3 Bf4 55. c4 Bg3 56. Bf1 Bf4 57. Kd7 Kb6 58. Bd3 Bg3 59. Be4 Bf4 60. Kd6 1-0


[Site "https://www.chess.com"]

[Event "Titled Tuesday Blitz May 2 Late 2023"]
[White "Suleymanli, Aydin"]
[Black "Djokic, Mihailo"]
[WhiteFideId "13413937"]
[BlackFideId "976440"]
[WhiteElo "2559"]
[BlackElo "2294"]
[Result "1-0"]
[Round "04"]
[TimeControl "180+2"]
[Date "2023.05.02"]
[WhiteClock "0:00:18"]
[BlackClock "0:00:39"]

1. e4 c5 2. Nf3 d6 3. a4 Nc6 4. d4 cxd4 5. Nxd4 g6 6. Nc3 Bg7 7. Be3 Nf6 8. f3 O-O 9. Bc4 Bd7 10. O-O Rc8 11. Ba2 Ne5 12. Qe2 a6 13. a5 Qc7 14. Kh1 Nc4 15. Bxc4 Qxc4 16. Qf2 Qb4 17. Nb3 Qc4 18. Rfd1 Be6 19. Bb6 Nd7 20. Ra4 Nxb6 21. axb6 Qc6 22. Na5 Qd7 23. Ra3 Rc5 24. Qxc5 dxc5 25. Rxd7 Bxd7 26. Nxb7 Rb8 27. Nxc5 Rxb6 28. Nxd7 Rxb2 29. h3 Rxc2 30. Nd5 e6 31. Ne7+ Kh8 32. Rxa6 Bd4 33. Nc6 Bf2 34. Nde5 Bg3 35. Ra1 f6 36. Nf7+ Kg7 37. Nfd8 Bc7 38. Nxe6+ Kh6 39. Nxc7 Rxc6 40. Nd5 Kh5 41. Kh2 Kh4 42. Ra7 Kg5 43. Rxh7 f5 44. f4# 1-0


[Site "https://www.chess.com"]

[Event "Titled Tuesday Blitz May 2 Late 2023"]
[White "Kourkoulos-Arditis, Stamatis"]
[Black "Baskakov, Egor"]
[WhiteFideId "4221990"]
[BlackFideId "24197866"]
[WhiteElo "2400"]
[BlackElo "2212"]
[Result "1-0"]
[Round "04"]
[TimeControl "180+2"]
[Date "2023.05.02"]
[WhiteClock "0:01:06"]
[BlackClock "0:01:21"]

1. e4 c5 2. Nf3 Nf6 3. e5 Nd5 4. Nc3 e6 5. Ne4 Nc6 6. Bc4 f5 7. Bxd5 exd5 8. Nd6+ Bxd6 9. exd6 O-O 10. O-O f4 11. d4 c4 12. b3 b5 13. a4 bxa4 14. bxc4 Ba6 15. cxd5 Nb4 16. Re1 Nxd5 17. Bd2 Bb5 18. Qb1 a6 19. Qa2 Bc6 20. c4 Nf6 21. d5 Bb7 22. Qxa4 Rc8 23. Ba5 1-0


[Site "https://www.chess.com"]